 Dungeon Crawl Stone Soup version 0.31-a0-112-gdf0485fa37 (webtiles) character file.

Game seed: 8296754703377290776

344068 Kenran the Warrior (level 22, -7/220 HPs)
             Began as a Naga Brigand on May 28, 2023.
             Was the Champion of Okawaru.
             Mangled by a deep elf blademaster
             ... wielding a +0 short sword
              (8 damage)
             ... on level 3 of the Elven Halls.
             The game lasted 01:42:41 (42906 turns).

Kenran the Warrior (Naga Brigand)                  Turns: 42906, Time: 01:42:42

Health: -7/220     AC: 35    Str: 26    XL:     22   Next: 7%
Magic:  0/29       EV: 19    Int: 11    God:    Okawaru [******]
Gold:   1219       SH: 18    Dex: 21    Spells: 21/21 levels left

rFire   + + .        c - +4 scimitar (flame)
rCold   . . .        r - +1 kite shield "Rezune" {rElec}
rNeg    + . .        N - +0 troll leather armour
rPois   +            L - +1 hat "Haenyfot" {Str+5 Dex+2}
rElec   +            K - +0 cloak of the Cartwright {Will++ Int-5}
rCorr   .            t - +1 pair of gloves of Untruth {Int+2 Slay+3 Stlth+}
SInv    +            d - +10 Black Knight's barding {ponderous, rPois rN+}
Will    +++++        X - amulet "Joel" {Spirit rF++ Str-2}
Stlth   +++++++++    g - ring of the Pure Underlurkers {Will+ Str+4 Dex+3}
HPRegen 1.36/turn    O - +4 ring of slaying
MPRegen 0.21/turn

%: guardian spirit
@: heroic, studying Stealth, very slow
A: AC +7, large, see invisible, deformed body, poison resistance, slowness 2,
spit poison 1, naga tail 2
}: 2/15 runes: barnacled, gossamer
a: Spit Poison, Renounce Religion, Heroism, Finesse, Duel


You were on level 3 of the Elven Halls.
You worshipped Okawaru.
Okawaru was exalted by your worship.
You visited 8 branches of the dungeon, and saw 38 of its levels.
You visited 1 bazaar.
You also visited: Gauntlet, Ice Cave and Volcano.

You collected 3976 gold pieces.
You spent 2757 gold pieces at shops.

Inventory:

Hand Weapons
 c - a +4 scimitar of flaming (weapon)
 Y - a +2 eveningstar of protection
 Z - a +3 eveningstar of freezing
Missiles
 e - 10 curare-tipped darts (quivered)
Armour
 d - the +10 Black Knight's barding (worn) {ponderous, rPois rN+}
   (You bought it in a shop on level 2 of the Orcish Mines)

   rPois:     It protects you from poison.
   rN:        It protects you from negative energy.
 r - the +1 kite shield "Rezune" (worn) {rElec}
   (Okawaru gifted it to you on level 10 of the Dungeon)

   rElec:     It insulates you from electricity.
 t - the +1 pair of gloves of Untruth (worn) {Int+2 Slay+3 Stlth+}
   (Okawaru gifted it to you on level 1 of the Spider Nest)

   Int:       It affects your intelligence (+2).
   Slay:      It affects your accuracy & damage with ranged weapons and melee
   (+3).
   Stlth:     It makes you more stealthy.
 K - the +0 cloak of the Cartwright (worn) {Will++ Int-5}
   (You found it in a Gauntlet)

   Int:       It affects your intelligence (-5).
   Will:      It greatly increases your willpower.
 L - the +1 hat "Haenyfot" (worn) {Str+5 Dex+2}
   (Okawaru gifted it to you on level 4 of the Spider Nest)

   Str:       It affects your strength (+5).
   Dex:       It affects your dexterity (+2).
 M - a +0 tower shield of reflection
 N - a +0 troll leather armour (worn)
Jewellery
 g - the ring of the Pure Underlurkers (left hand) {Will+ Str+4 Dex+3}
   (You acquired it on level 1 of the Dungeon)

   [ring of willpower]

   Str:       It affects your strength (+4).
   Dex:       It affects your dexterity (+3).
   Will:      It increases your willpower.
 n - a ring of resist corrosion
 s - the ring of Recugh {rElec rPois rC+++ Dex-2 SInv}
   (You took it off a merfolk impaler on level 4 of the Shoals)

   [ring of see invisible]

   Dex:       It affects your dexterity (-2).
   rC:        It renders you almost immune to cold.
   rElec:     It insulates you from electricity.
   rPois:     It protects you from poison.
   SInv:      It lets you see invisible.
 y - the ring of Xom's Whimsicality {rPois EV+5}
   (You found it on level 4 of the Dungeon)

   [ring of evasion]

   EV:        It affects your evasion (+5).
   rPois:     It protects you from poison.
 O - a +4 ring of slaying (right hand)
 X - the amulet "Joel" (around neck) {Spirit rF++ Str-2}
   (You found it on level 4 of the Lair of Beasts)

   [amulet of guardian spirit]

   It causes incoming damage to be divided between your reserves of health and
   magic.
   Str:       It affects your strength (-2).
   rF:        It greatly protects you from fire.
Wands
 G - a wand of mindburst (24)
 J - a wand of polymorph (11)
 Q - a wand of flame (27)
 S - a wand of iceblast (18)
 U - a wand of digging (14)
Scrolls
 a - 4 scrolls of enchant armour
 f - 2 scrolls of blinking
 h - 2 scrolls of silence
 l - 7 scrolls of noise {!r}
 m - 7 scrolls of vulnerability {!r}
 p - a scroll of teleportation
 q - 10 scrolls of enchant weapon
 u - 4 scrolls of poison
 v - 4 scrolls of immolation {!r}
 B - 9 scrolls of identify {@r1}
 C - 6 scrolls of fog
 E - a scroll of brand weapon
 F - 4 scrolls of fear
 T - a scroll of magic mapping
Potions
 i - 4 potions of mutation {!q}
 j - 5 potions of enlightenment
 k - 2 potions of haste
 o - 3 potions of berserk rage {!q}
 x - 11 potions of ambrosia
 z - 5 potions of attraction {!q}
 A - 4 potions of might
 D - 10 potions of curing {@q1}
 H - a potion of invisibility
 I - 3 potions of heal wounds {@q2}
 P - a potion of resistance
 V - 5 potions of magic
 W - 3 potions of lignification {!q}
Miscellaneous
 b - a phial of floods
 w - a lightning rod (4/4)
 R - a piece from Xom's chessboard (15/15)


   Skills:
 - Level 18.0(23.0) Fighting
 - Level 2.0(14.2) Short Blades
 - Level 13.9(19.0) Long Blades
 - Level 14.0(19.0) Maces & Flails
 - Level 2.1(7.1) Polearms
 - Level 3.0(8.0) Throwing
 - Level 12.0(17.0) Armour
 - Level 12.0(17.0) Dodging
 - Level 16.0(21.0) Stealth
 + Level 16.2(21.2) Shields
 - Level 10.0 Invocations
 - Level 8.0 Evocations


You had 21 spell levels left.
You didn't know any spells.
Your spell library contained the following spells:

 Spells                   Type           Power      Damage    Failure   Level
 Apportation              Tloc           0%         N/A       41%         1
 Kiss of Death            Conj/Necr      0%         2d5       41%         1
 Magic Dart               Conj           0%         1d3       41%         1
 Necrotise                Necr           0%         1d4       41%         1
 Shock                    Conj/Air       0%         1d3       41%         1
 Blink                    Tloc           0%         N/A       56%         2
 Cigotuvi's Dreadful Rot  Necr/Pois/Air  0%         N/A       56%         2
 Ensorcelled Hibernation  Hex/Ice        0%         N/A       56%         2
 Lesser Beckoning         Tloc           0%         N/A       56%         2
 Momentum Strike          Conj/Tloc      0%         3d8       56%         2
 Poisonous Vapours        Pois/Air       0%         N/A       56%         2
 Searing Ray              Conj           0%         2d4       56%         2
 Sublimation of Blood     Necr           0%         N/A       56%         2
 Dazzling Flash           Conj/Hex       0%         N/A       80%         3
 Gell's Gravitas          Tloc           0%         N/A       80%         3
 Ignite Poison            Fire/Tmut/Pois 0%         N/A       80%         3
 Mephitic Cloud           Conj/Pois/Air  0%         N/A       80%         3
 Ozocubu's Armour         Ice            0%         N/A       80%         3
 Portal Projectile        Hex/Tloc       0%         N/A       80%         3
 Spider Form              Tmut/Pois      0%         N/A       80%         3
 Stone Arrow              Conj/Erth      0%         3d7       80%         3
 Swiftness                Air            0%         N/A       80%         3
 Teleport Other           Tloc           0%         N/A       80%         3
 Vampiric Draining        Necr           0%         2d6       80%         3
 Airstrike                Air            0%         2d(0-16)  99%         4
 Anguish                  Hex/Necr       0%         N/A       99%         4
 Cause Fear               Hex            0%         N/A       99%         4
 Fulminant Prism          Conj/Hex       0%         3d5       99%         4
 Leda's Liquefaction      Hex/Erth       0%         N/A       99%         4
 Manifold Assault         Tloc           0%         N/A       99%         4
 Olgreb's Toxic Radiance  Pois           0%         N/A       99%         4
 Passage of Golubria      Tloc           0%         N/A       99%         4
 Petrify                  Tmut/Erth      0%         N/A       99%         4
 Agony                    Necr           0%         N/A       100%        5
 Alistair's Intoxication  Tmut/Pois      0%         N/A       100%        5
 Blade Hands              Tmut           0%         N/A       100%        5
 Borgnjor's Vile Clutch   Necr/Erth      0%         N/A       100%        5
 Freezing Cloud           Conj/Ice/Air   0%         6-21      100%        5
 Irradiate                Conj/Tmut      0%         3d11      100%        5
 Lee's Rapid Deconstruct  Erth           0%         3d4*      100%        5
 Metabolic Englaciation   Hex/Ice        0%         N/A       100%        5
 Silence                  Hex/Air        0%         N/A       100%        5
 Yara's Violent Unravell  Hex/Tmut       0%         3d3       100%        5
 Dispersal                Tloc           0%         N/A       100%        6
 Leda's Unmaking          Conj/Erth      0%         9d1       100%        6
 Statue Form              Tmut/Erth      0%         N/A       100%        6
 Dragon Form              Tmut           0%         N/A       100%        7
 Discord                  Hex            0%         N/A       100%        8
 Disjunction              Tloc           0%         N/A       100%        8
 Ignition                 Fire           0%         3d3       100%        8
 Lehudib's Crystal Spear  Conj/Erth      0%         10d2      100%        8
 Necromutation            Tmut/Necr      0%         N/A       100%        8
 Call Imp                 Summ           Unusable   N/A       N/A         2
 Call Canine Familiar     Summ           Unusable   N/A       N/A         3
 Tukima's Dance           Hex            Unusable   N/A       N/A         3
 Animate Armour           Summ/Erth      Unusable   N/A       N/A         4
 Animate Dead             Necr           Unusable   N/A       N/A         4
 Death Channel            Necr           Unusable   N/A       N/A         6
 Simulacrum               Ice/Necr       Unusable   N/A       N/A         6
 Dragon's Call            Summ           Unusable   N/A       N/A         9

Dungeon Overview and Level Annotations

Branches:
Dungeon (15/15)            Temple (1/1) D:6            Lair (5/5) D:11
 Shoals (4/4) Lair:2       Spider (4/4) Lair:2        Slime (0/5) Lair:4
    Orc (2/2) D:9             Elf (3/3) Orc:2        Vaults (4/5) D:14
  Crypt (0/3) Vaults:3     Depths (0/4) D:15          IceCv (visited)
Volcano (visited)         Gauntlet (visited)

Altars:
Ashenzari
Cheibriados
Dithmenos
Hepliaklqana
Nemelex Xobeh
Okawaru
Uskayaw
Vehumet
Zin

Shops:
D:4 *   D:9 *   D:13 [   Orc:2 =([**   Shoals:1 ***[   Vaults:1 :   Vaults:3 [

Annotations:
D:1 exclusion: downstairs
D:4 1 runed translucent door, Kenran's ghost, amateur NaBr; Sigmund
D:11 2 transporters, anet's ghost, journeyman MiBe
Vaults:4 3 runed translucent doors, seandewar5's ghost, adept DgAE


Innate Abilities, Weirdness & Mutations

Your serpentine skin is tough. (AC +7)
You have supernaturally acute eyesight. (SInv)
Armour fits poorly on your strangely shaped body.
Your system is resistant to poisons. (rPois)
You cover ground very slowly.
You can spit poison.
You can use your snake-like lower body to constrict enemies.


Message History

The deep elf master archer is almost dead.
You constrict the deep elf master archer.
The deep elf blademaster closely misses you.
You block the deep elf blademaster's attack.
The deep elf master archer shoots an arrow.
The arrow hits you!
* * * LOW HITPOINT WARNING * * *
The deep elf high priest hits you with a +0 short sword.
* * * LOW HITPOINT WARNING * * *
You slice the deep elf master archer!! You burn the deep elf master archer.
The lost soul assumes the form of the deep elf master archer and becomes anchored to this world!
You constrict the ghostly deep elf master archer.
The deep elf blademaster closely misses you.
The deep elf blademaster completely misses you.
The deep elf knight shoots an arrow.
The arrow hits you but does no damage.
The ghostly deep elf master archer shoots an arrow.
You block the arrow.
The ghostly deep elf master archer shoots an arrow.
The arrow hits you but does no damage.
Okay, then.
Okay, then.
As you read the scroll of fear, it crumbles to dust.
You assume a fearsome visage.
The deep elf high priest resists with almost no effort.
The ghostly deep elf master archer is unaffected.
The deep elf blademaster resists with almost no effort.
The deep elf death mage looks frightened!
The deep elf knight looks frightened!
You constrict the ghostly deep elf master archer!
You block the deep elf blademaster's attack.
The deep elf blademaster barely misses you.
The deep elf high priest utters an invocation to its god.
The deep elf high priest begins emitting a brilliant aura!
The deep elf death mage is empowered by the deep elf high priest's aura!
A deep elf annihilator comes into view. It is wielding a +0 rapier.
The ghostly deep elf master archer shoots an arrow.
The arrow hits you!!
* * * LOW HITPOINT WARNING * * *
The deep elf blademaster hits you with a +0 short sword!
You die...

#........' #........#
..# #..((....#...# #
#........#...# #.
#........#...# #..
#........#...#
#...##.+.........#
#....)..e@)......#
#.....).ee.......##
#.................##≣≣≣
#...###.+..........≣≣.≣≣
#...
.............≣≣...≣≣ #..
#...........e≣≣....e≣4
#.
#..........ee.)..⌠.e..
#.
######+##....≣≣.e)..≣e
..........≣≣3..≣≣


You could see a deep elf blademaster, a ghostly deep elf master archer, a deep
elf annihilator, a deep elf death mage (empowered, fleeing), a deep elf knight
(invisible, fleeing) and a deep elf high priest (brilliance aura).

Vanquished Creatures
  Bai Suzhen (Spider:4)
  Nikola (Elf:2)
  Arachne (Spider:4)
  Zenata (Vaults:2)
  2 deep elf blademasters (Elf:2)
  Polyphemus (Shoals:3)
  Gastronok (D:11)
  3 sphinxes
  A rockslime (IceCv)
  Ilsuiw (Shoals:4)
  2 azure jellies (IceCv)
  Donald (Shoals:1)
  6 ghost moths
  A deep elf sorcerer (Elf:2)
  5 vault wardens
  5 emperor scorpions
  Louise (Shoals:3)
  4 deep elf elementalists
  A balrug (Gauntlet)
  2 war gargoyles
  15 ironbound preservers
  A broodmother (Spider:1)
  4 quicksilver oozes (IceCv)
  2 formless jellyfish
  A stone giant (Vaults:1)
  A quicksilver ooze (shapeshifter) (Vaults:3)
  3 very ugly things
  7 ironbound thunderhulks
  2 deep elf annihilators
  3 deep elf demonologists
  12 dire elephants
  5 spark wasps
  A minotaur (Gauntlet)
  A deep elf death mage (Elf:1)
  2 crystal guardians (Vaults:4)
  5 merfolk impalers
  9 entropy weavers
  5 yaktaur captains
  3 fire dragons
  2 merfolk javelineers
  Erolcha (D:12)
  10 great orbs of eyes
  2 hydras
  4 catoblepae
  3 radroaches
  10 vault guards
  3 ironbound frosthearts
  9 centaur warriors
  3 peacekeepers
  4 merfolk avatars
  4 boulder beetles
  A jorogumo (Spider:3)
  4 satyrs
  A tengu warrior (D:14)
  2 merfolk aquamancers (Shoals:4)
  An alligator snapping turtle (Shoals:4)
  2 death knights (Vaults:3)
  15 two-headed ogres
  18 death yaks
  18 dancing weapons
  16 deep elf knights
  Sonja (D:10)
  A fire crab (Lair:4)
  13 sea snakes
  5 pharaoh ants
  A shadow wraith (Vaults:3)
  7 skysharks
  41 deep trolls
  7 orb spiders
  12 ironbound convokers
  3 orange crystal statues (IceCv)
  A swamp dragon (Lair:5)
  6 wizards
  3 deep elf archers
  6 necromancers
  26 harpies
  16 deep elf pyromancers
  4 steelbarb worms
  11 lindwurms
  An orc sorcerer (Orc:2)
  9 orc knights
  26 ugly things
  18 deep elf zephyrmancers
  18 fauns
  4 cyclopes
  2 moths of wrath
  23 wolf spiders
  13 manticores
  An oklob plant (Lair:1)
  3 salamanders (Volcano)
  11 elephants
  6 merfolk sirens
  3 human skeletons
  A water nymph (Shoals:4)
  19 vault sentinels
  A gargoyle (Gauntlet)
  6 demonic crawlers
  3 black mambas
  7 torpor snails
  18 cane toads
  Maggie (D:9)
  19 komodo dragons
  2 unseen horrors
  A kobold demonologist (D:9)
  19 yaktaurs
  A tengu conjurer (D:14)
  An efreet (D:14)
  A yaktaur zombie (Vaults:4)
  A queen bee (Spider:2)
  11 polar bears
  4 red devils (Elf:2)
  A troll (shapeshifter) (D:15)
  23 merfolk
  8 hornets
  7 trolls
  6 meliai
  29 tarantellas
  A hornet (shapeshifter) (D:14)
  21 blink frogs
  2 wind drakes
  6 snapping turtles
  A dream sheep (shapeshifter) (D:14)
  9 dream sheep
  22 jumping spiders
  A vampire (D:9)
  61 slime creatures
  27 culicivoras
  A culicivora (shapeshifter) (D:15)
  5 flying skulls (Gauntlet)
  3 air elementals (Elf:2)
  7 wyverns
  2 shadows (D:10)
  A centaur simulacrum (D:15)
  66 yaks
  3 fire elementals
  9 fire bats
  2 wraiths
  7 water elementals
  8 steam dragons
  4 basilisks
  7 vampire mosquitoes (D:13)
  A human simulacrum (Vaults:2)
  57 redbacks
  14 wargs
  A glowing shapeshifter zombie (Vaults:4)
  3 large abominations (Elf:1)
  16 water moccasins
  An acid dragon (D:11)
  Duvessa (D:4)
  A glowing shapeshifter skeleton (Vaults:4)
  18 hell hounds
  36 orc warriors
  A sky beast (D:7)
  3 swamp drakes (Lair:5)
  11 black bears (Lair:5)
  3 great orb of eyes simulacra (IceCv)
  2 ice beasts
  9 ogres
  14 wolves
  An ettin simulacrum (Vaults:2)
  5 boggarts (Vaults:1)
  8 centaurs
  6 slime creature simulacra (IceCv)
  3 elf zombies (Elf:1)
  4 kobold brigands
  10 bullfrogs
  2 gnoll sergeants (D:10)
  5 scorpions
  4 glowing shapeshifter simulacra (IceCv)
  An ogre simulacrum (Vaults:4)
  5 earth elementals
  13 wights
  Dowan (D:4)
  28 killer bees
  A howler monkey (D:10)
  3 vampire bats (Lair:3)
  4 electric eels
  2 lava snakes (D:9)
  A gnoll bouda (D:7)
  A hound (D:7)
  9 jellies
  14 orc priests
  Jessica (D:3)
  7 iguanas
  14 orc wizards
  Robin (D:3)
  13 adders
  11 gnolls
  2 white imps
  An ufetubus (D:6)
  2 worms
  A worm (shapeshifter) (D:15)
  7 dart slugs
  77 orcs
  8 endoplasms
  4 giant cockroaches
  6 hobgoblins
  8 jackals
  5 quokkas
  5 ball pythons
  7 bats
  4 frilled lizards
  14 goblins
  19 kobolds
  8 rats
  2 fire vortices (D:9)
1574 creatures vanquished.

Vanquished Creatures (others)
  2 dancing weapons
  A deep elf knight (Elf:2)
  A deep elf zephyrmancer (Elf:2)
  A gargoyle (Gauntlet)
  2 bullfrogs
  An orc wizard (D:7)
  2 orcs
  A fire vortex (D:9)
11 creatures vanquished.

Grand Total: 1585 creatures vanquished

Notes
Turn   | Place    | Note
-------+----------+-------------------------------------------
     0 | D:1      | Kenran the Naga Brigand began the quest for the Orb.
     0 | D:1      | Reached XP level 1. HP: 19/19 MP: 1/1
   107 | D:1      | You fall into a shaft and drop 1 floor!
   129 | D:2      | Reached XP level 2. HP: 27/27 MP: 2/2
   224 | D:2      | Reached skill level 3 in Fighting
   224 | D:2      | Reached XP level 3. HP: 32/34 MP: 3/3
   656 | D:1      | Reached XP level 4. HP: 42/42 MP: 4/4
   965 | D:1      | Reached skill level 4 in Fighting
  1126 | D:1      | Identified a scroll of acquirement
  1128 | D:1      | Acquired the ring of the Pure Underlurkers {Will+ Str+4
                  | Dex+3}
  1278 | D:1      | Reached skill level 1 in Polearms
  1395 | D:2      | Reached XP level 5. HP: 49/50 MP: 5/5
  1925 | D:3      | Noticed Robin
  1926 | D:3      | Reached skill level 1 in Long Blades
  1939 | D:3      | Killed Robin
  1984 | D:3      | Found a sparkling altar of Nemelex Xobeh.
  2370 | D:3      | Noticed Jessica
  2373 | D:3      | Killed Jessica
  2374 | D:3      | Reached XP level 6. HP: 57/57 MP: 6/6
  2654 | D:4      | Found Vabinec's Elemental Accessories.
  2660 | D:4      | Noticed Sigmund
  2972 | D:4      | Identified the ring of Xom's Whimsicality {rPois EV+5}
  3018 | D:3      | Reached skill level 5 in Long Blades
  3018 | D:3      | Reached XP level 7. HP: 33/64 MP: 7/7
  3177 | D:4      | Noticed Dowan
  3178 | D:4      | Noticed Duvessa
  3194 | D:4      | Killed Dowan
  3576 | D:4      | Killed Duvessa
  3832 | D:4      | Found a runed translucent door.
  3832 | D:4      | Noticed Kenran's ghost (amateur NaBr)
  3986 | D:5      | Entered Level 5 of the Dungeon
  4226 | D:5      | Found a snail-covered altar of Cheibriados.
  4859 | D:6      | Reached XP level 8. HP: 34/71 MP: 8/8
  5431 | D:6      | Found a staircase to the Ecumenical Temple.
  5529 | Temple   | Entered the Ecumenical Temple
  5533 | Temple   | Became a worshipper of Warmaster Okawaru
  6324 | D:7      | Reached XP level 9. HP: 49/78 MP: 9/9
  6325 | D:7      | Reached skill level 1 in Invocations
  6325 | D:7      | Reached skill level 1 in Evocations
  6534 | D:7      | Reached * piety under Okawaru
  6703 | D:7      | Reached skill level 1 in Dodging
  6859 | D:7      | Reached skill level 10 in Long Blades
  7423 | D:8      | Identified the +3 sling of the Undead {freeze, *Corrode
                  | Fragile Will++ Stlth+}
  7482 | D:8      | Reached ** piety under Okawaru
  7559 | D:8      | Found a shadowy altar of Dithmenos.
  7561 | D:8      | Found a hazy altar of Hepliaklqana.
  7561 | D:8      | Found a hide-covered altar of Uskayaw.
  8087 | D:9      | Noticed a two-headed ogre
  8102 | D:9      | Killed a two-headed ogre
  8102 | D:9      | Reached *** piety under Okawaru
  8103 | D:9      | Reached skill level 5 in Fighting
  8103 | D:9      | Reached XP level 10. HP: 27/88 MP: 12/12
  8592 | D:9      | Reached skill level 6 in Fighting
  8783 | D:9      | Reached skill level 7 in Fighting
  8802 | D:9      | Reached **** piety under Okawaru
  8861 | D:9      | Noticed a two-headed ogre
  8877 | D:9      | Killed a two-headed ogre
  8878 | D:9      | Reached skill level 8 in Fighting
  9251 | D:9      | Reached XP level 11. HP: 71/103 MP: 13/13
  9388 | D:9      | Reached ***** piety under Okawaru
  9741 | D:9      | Found a staircase to the Orcish Mines.
  9772 | D:9      | Found Destrack's Demolitions Depot.
  9797 | D:10     | Entered Level 10 of the Dungeon
  9874 | D:10     | Noticed Maggie
  9896 | D:9      | Noticed a sun demon
 10127 | D:9      | Killed Maggie
 10158 | D:9      | Reached skill level 5 in Dodging
 10274 | D:10     | Noticed a two-headed ogre
 10392 | D:9      | Killed a two-headed ogre
 10392 | D:9      | Received a gift from Okawaru
 10448 | D:10     | Noticed a two-headed ogre
 10454 | D:10     | Noticed a boulder beetle
 10467 | D:9      | Killed a two-headed ogre
 10541 | D:10     | Noticed a manticore
 10592 | D:10     | Noticed a brown ugly thing
 10604 | D:10     | Killed a brown ugly thing
 10620 | D:10     | Noticed Sonja
 10630 | D:10     | Killed Sonja
 10630 | D:10     | Received a gift from Okawaru
 10690 | D:10     | Reached ****** piety under Okawaru
 10833 | D:10     | Reached skill level 5 in Invocations
 10841 | D:10     | Reached skill level 9 in Fighting
 10891 | D:10     | Reached XP level 12. HP: 113/114 MP: 15/15
 10911 | D:10     | Killed a boulder beetle
 10991 | D:10     | Noticed a centaur warrior
 11002 | D:10     | Killed a centaur warrior
 11002 | D:10     | Identified the +1 kite shield "Rezune" {rElec} (Okawaru
                  | gifted it to you on level 10 of the Dungeon)
 11002 | D:10     | Received a gift from Okawaru
 11003 | D:10     | Reached skill level 10 in Fighting
 11003 | D:10     | Reached skill level 1 in Armour
 11040 | D:10     | Reached skill level 1 in Shields
 11408 | D:10     | Found a glowing silver altar of Zin.
 11502 | D:10     | Identified the staff of fire "Mixileps" {rF+ rC+ MP+9 Str+2
                  | Int-5}
 11581 | D:11     | Noticed a two-headed ogre
 11582 | D:11     | Noticed a two-headed ogre
 11583 | D:11     | Noticed anet's ghost (journeyman MiBe)
 11584 | D:11     | Found a transporter.
 11584 | D:11     | Noticed a two-headed ogre
 11584 | D:11     | Noticed a two-headed ogre
 11585 | D:11     | Identified the +7 dire flail of Xitzuela {venom, rF+ rN+
                  | MP+9 Dex-4}
 11585 | D:11     | Noticed a two-headed ogre
 11591 | D:11     | Found a transporter.
 11681 | D:11     | Identified the +1 robe "Weubyt" {Stlth+}
 11810 | D:11     | Noticed Gastronok
 11828 | D:11     | Killed Gastronok
 11829 | D:11     | Reached skill level 5 in Shields
 12019 | D:11     | Found a staircase to the Lair.
 12024 | D:11     | Noticed a two-headed ogre
 12035 | D:11     | Killed a two-headed ogre
 12153 | Lair:1   | Entered Level 1 of the Lair of Beasts
 13099 | Lair:1   | Identified the +1 barding "Fyts" {-Tele rN+ rCorr Str+2}
                  | (Okawaru gifted it to you on level 1 of the Lair of Beasts)
 13099 | Lair:1   | Received a gift from Okawaru
 13496 | Lair:2   | Noticed a skyshark
 13508 | Lair:2   | Killed a skyshark
 13509 | Lair:2   | Gained mutation: You can use your snake-like lower body to
                  | constrict enemies. [Naga growth]
 13509 | Lair:2   | Reached XP level 13. HP: 87/123 MP: 13/16
 13898 | Lair:2   | Found a hole to the Spider Nest.
 13960 | Lair:2   | Found a staircase to the Shoals.
 13976 | Lair:2   | Reached skill level 11 in Fighting
 14446 | Lair:3   | Reached skill level 12 in Fighting
 14477 | Lair:3   | Identified the scarf "Isikk" {+Inv, rN++ Str+4 Dex-2
                  | Stlth+} (Okawaru gifted it to you on level 3 of the Lair of
                  | Beasts)
 14477 | Lair:3   | Received a gift from Okawaru
 14685 | Lair:3   | Reached skill level 13 in Fighting
 15195 | Lair:4   | Reached XP level 14. HP: 130/141 MP: 20/20
 15412 | Lair:4   | Identified the amulet "Joel" {Spirit rF++ Str-2}
 15722 | Lair:4   | Reached skill level 5 in Evocations
 16090 | Lair:4   | Found a staircase to the Slime Pits.
 16244 | Lair:4   | Reached skill level 5 in Armour
 16289 | Lair:4   | Received a gift from Okawaru
 16425 | Lair:5   | Entered Level 5 of the Lair of Beasts
 16948 | Lair:4   | Reached skill level 10 in Shields
 16995 | Lair:5   | Received a gift from Okawaru
 17329 | Lair:5   | Reached XP level 15. HP: 150/150 MP: 21/21
 17666 | Lair:5   | Reached skill level 14 in Fighting
 17845 | Lair:5   | Identified the +3 leather armour of the Falcon {+Inv Int+6}
 18511 | D:12     | Received a gift from Okawaru
 18660 | D:12     | Noticed Erolcha
 18675 | D:12     | Killed Erolcha
 19147 | D:13     | Found Saxtec's Antique Armour Emporium.
 19729 | D:14     | Reached skill level 10 in Armour
 19798 | D:14     | Found a gate leading to a gauntlet.
 19816 | Gauntlet | Entered a Gauntlet
 19816 | Gauntlet | Found a large runed translucent door.
 19816 | Gauntlet | Found a large runed translucent door.
 19816 | Gauntlet | Found a large runed translucent door.
 19816 | Gauntlet | Found a transporter.
 19816 | Gauntlet | Found a large runed translucent door.
 19816 | Gauntlet | Found a runed translucent door.
 19816 | Gauntlet | Found a large runed translucent door.
 19816 | Gauntlet | Found a large runed translucent door.
 19816 | Gauntlet | Found a large runed translucent door.
 19816 | Gauntlet | Found a large runed translucent door.
 19816 | Gauntlet | Found a runed translucent gate.
 19816 | Gauntlet | Found a runed translucent gate.
 19816 | Gauntlet | Found a transporter.
 19816 | Gauntlet | Found a transporter.
 19817 | Gauntlet | Found a transporter.
 19818 | Gauntlet | Found a transporter.
 19821 | Gauntlet | Found a transporter.
 19822 | Gauntlet | Found a runed translucent gate.
 19822 | Gauntlet | Found a runed translucent door.
 19823 | Gauntlet | Found a large runed translucent door.
 19823 | Gauntlet | Found a large runed translucent door.
 19824 | Gauntlet | Found a large runed translucent door.
 19829 | Gauntlet | Found a runed translucent gate.
 19830 | Gauntlet | Found a transporter.
 19831 | Gauntlet | Found a transporter.
 19832 | Gauntlet | Found a runed translucent gate.
 19832 | Gauntlet | Found a transporter.
 19833 | Gauntlet | Found a runed translucent gate.
 19834 | Gauntlet | Found a transporter.
 19839 | Gauntlet | Noticed a balrug
 19842 | Gauntlet | Found a transporter.
 19843 | Gauntlet | Found a transporter.
 19913 | Gauntlet | Found a large runed translucent door.
 19913 | Gauntlet | Found a large runed translucent door.
 19914 | Gauntlet | Found a large runed translucent door.
 19915 | Gauntlet | Found a large runed translucent door.
 19915 | Gauntlet | Found a large runed translucent door.
 19999 | Gauntlet | Received a gift from Okawaru
 20023 | Gauntlet | Identified the +0 cloak of the Cartwright {Will++ Int-5}
 20044 | Gauntlet | Killed a balrug
 20056 | Gauntlet | Identified the +0 hat "Vyx Cekh" {Will+++ Str-2 Int-5}
 20273 | D:14     | Found a gate to the Vaults.
 20611 | D:14     | Reached XP level 16. HP: 121/159 MP: 16/22
 21039 | D:15     | Entered Level 15 of the Dungeon
 21261 | D:15     | Identified the +1 leather armour "Quas" {rC+ Dex+2}
 21357 | D:15     | Identified the +0 flail "Urankas" {spect, rCorr}
 21605 | D:15     | Found a staircase to the Depths.
 21896 | Orc:1    | Entered Level 1 of the Orcish Mines
 21980 | Orc:1    | Found a dark tunnel.
 21988 | Volcano  | Entered a volcano
 22148 | Volcano  | Received a gift from Okawaru
 22679 | Orc:2    | Entered Level 2 of the Orcish Mines
 22679 | Orc:2    | Found a staircase to the Elven Halls.
 22701 | Orc:2    | Found Jaaton's Overcharged Wands.
 22772 | Orc:2    | Identified the +3 ring mail "Cidem" {rF- rCorr Dex+5}
                  | (Okawaru gifted it to you on level 2 of the Orcish Mines)
 22772 | Orc:2    | Received a gift from Okawaru
 22935 | Orc:2    | Found Yschezok's Jewellery Emporium.
 22971 | Orc:2    | Found Tenkonlo's Weapon Shop.
 23290 | Orc:2    | Found Dynku's Antique Armour Emporium.
 23290 | Orc:2    | Found Okoitamo's General Store.
 23298 | Orc:2    | Bought a potion of heal wounds for 65 gold pieces
 23298 | Orc:2    | Bought a scroll of identify for 26 gold pieces
 23310 | Orc:2    | Bought the +10 Black Knight's barding {ponderous, rPois
                  | rN+} for 1838 gold pieces
 23310 | Orc:2    | Found the +10 Black Knight's barding {ponderous, rPois rN+}
 23879 | Spider:1 | Entered Level 1 of the Spider Nest
 24056 | Spider:1 | Reached skill level 10 in Dodging
 24484 | Spider:1 | Reached XP level 17. HP: 150/166 MP: 23/23
 24547 | Spider:1 | Identified the +1 pair of gloves of Untruth {Int+2 Slay+3
                  | Stlth+} (Okawaru gifted it to you on level 1 of the Spider
                  | Nest)
 24547 | Spider:1 | Received a gift from Okawaru
 26240 | Spider:2 | Reached skill level 15 in Fighting
 26631 | Spider:3 | Received a gift from Okawaru
 27026 | Spider:3 | Received a gift from Okawaru
 27220 | Spider:4 | Entered Level 4 of the Spider Nest
 27472 | Spider:4 | Reached skill level 16 in Fighting
 27518 | Spider:4 | Noticed Arachne
 27672 | Spider:4 | Killed Arachne
 28052 | Spider:4 | Noticed Bai Suzhen
 28076 | Spider:4 | Killed Bai Suzhen
 28202 | Spider:4 | Identified the +1 hat "Haenyfot" {Str+5 Dex+2} (Okawaru
                  | gifted it to you on level 4 of the Spider Nest)
 28202 | Spider:4 | Received a gift from Okawaru
 28203 | Spider:4 | Reached XP level 18. HP: 130/179 MP: 0/24
 28987 | Spider:4 | Got a gossamer rune of Zot
 29137 | Shoals:1 | Entered Level 1 of the Shoals
 29160 | Shoals:1 | Found Qoiqehio's Assorted Antiques.
 29164 | Shoals:1 | Found Zarheicw's General Store.
 29283 | Shoals:1 | Found a flickering gateway to a bazaar.
 29289 | Bazaar   | Entered a bazaar
 29299 | Bazaar   | Found Xabim's Jewellery Boutique.
 29299 | Bazaar   | Found Folivie's Distillery.
 29358 | Bazaar   | Found Yruirhas's Weapon Shop.
 29358 | Bazaar   | Found Deusmyr's Distillery.
 29376 | Bazaar   | Bought a potion of haste for 190 gold pieces
 29376 | Bazaar   | Bought a potion of haste for 190 gold pieces
 29376 | Bazaar   | Bought a potion of heal wounds for 95 gold pieces
 29376 | Bazaar   | Bought a potion of curing for 57 gold pieces
 29376 | Bazaar   | Bought a potion of curing for 57 gold pieces
 29376 | Bazaar   | Bought a potion of enlightenment for 95 gold pieces
 29430 | Bazaar   | Bought a potion of curing for 36 gold pieces
 29430 | Bazaar   | Bought a potion of curing for 36 gold pieces
 29430 | Bazaar   | Bought a potion of curing for 36 gold pieces
 29430 | Bazaar   | Bought a potion of curing for 36 gold pieces
 29516 | Shoals:1 | Noticed Donald
 29530 | Shoals:1 | Killed Donald
 29539 | Shoals:1 | Found Nyelin's Assorted Antiques.
 29552 | Shoals:1 | Found Mext's Antique Armour Emporium.
 30424 | Shoals:2 | Received a gift from Okawaru
 30590 | Shoals:3 | Noticed Louise
 30654 | Shoals:3 | Received a gift from Okawaru
 30716 | Shoals:3 | Noticed Polyphemus
 30758 | Shoals:3 | Killed Polyphemus
 30772 | Shoals:3 | Killed Louise
 31203 | Shoals:3 | Reached skill level 15 in Shields
 31486 | Shoals:4 | Entered Level 4 of the Shoals
 31527 | Shoals:4 | Identified the ring "Emogy" {Ice Int+3 Slay+4}
 31595 | Shoals:4 | Reached skill level 10 in Stealth
 31641 | Shoals:4 | Reached XP level 19. HP: 188/188 MP: 23/25
 31753 | Shoals:4 | Got a barnacled rune of Zot
 31828 | Shoals:4 | Noticed Ilsuiw
 31834 | Shoals:4 | Identified the ring of Recugh {rElec rPois rC+++ Dex-2
                  | SInv}
 31985 | Shoals:4 | Killed Ilsuiw
 32013 | Shoals:4 | Received a gift from Okawaru
 32698 | Vaults:1 | Entered Level 1 of the Vaults
 32853 | Vaults:1 | Reached skill level 17 in Fighting
 33005 | Vaults:1 | You fall into a shaft and drop 1 floor!
 33393 | Vaults:1 | Identified the +0 pair of gloves of the Wasteland {Int+3}
 33634 | Vaults:1 | Identified the +3 battleaxe "Rompa" {heavy, *Corrode Will++
                  | Str+6}
 33666 | Vaults:1 | Reached skill level 18 in Fighting
 33989 | Vaults:1 | Received a gift from Okawaru
 34119 | Vaults:1 | Found Degiogoeg's Book Shoppe.
 34371 | Vaults:1 | Reached skill level 10 in Invocations
 34449 | Vaults:1 | Reached skill level 1 in Maces & Flails
 34583 | Vaults:2 | Noticed Zenata
 34973 | Vaults:2 | Reached XP level 20. HP: 162/199 MP: 21/27
 34974 | Vaults:2 | Identified the +0 chain mail "Dyistra" {+Blink} (Okawaru
                  | gifted it to you on level 2 of the Vaults)
 34974 | Vaults:2 | Received a gift from Okawaru
 34975 | Vaults:2 | Reached skill level 5 in Maces & Flails
 35208 | Vaults:2 | Killed Zenata
 36086 | Vaults:3 | Acquired a manual of Stealth
 36301 | Vaults:3 | Found a staircase to the Crypt.
 36422 | Vaults:3 | Paralysed by a formless jellyfish for 1 turns
 36608 | Vaults:3 | Reached skill level 10 in Maces & Flails
 36819 | Vaults:3 | Found Iskyeqea's Armour Boutique.
 36907 | Vaults:3 | Identified the +4 barding of the Undertaker {Will+ Dex+4}
                  | (Okawaru gifted it to you on level 3 of the Vaults)
 36907 | Vaults:3 | Received a gift from Okawaru
 37009 | Vaults:3 | Identified the +5 mace "Kenran's Curse" {freeze, Drain
                  | rElec Int+6 SInv}
 37994 | Vaults:4 | Reached XP level 21. HP: 192/212 MP: 25/28
 38338 | Vaults:4 | Found a runed translucent gate.
 38338 | Vaults:4 | Found a runed translucent gate.
 38338 | Vaults:4 | Found a runed translucent gate.
 38785 | Vaults:4 | Identified the +0 robe "Liqossi" {rPois rCorr} (Okawaru
                  | gifted it to you on level 4 of the Vaults)
 38785 | Vaults:4 | Received a gift from Okawaru
 38904 | Vaults:4 | Noticed seandewar5's ghost (adept DgAE)
 39147 | Elf:1    | Entered Level 1 of the Elven Halls
 39195 | Elf:1    | Reached skill level 15 in Stealth
 39444 | Elf:1    | Found a frozen archway.
 39562 | IceCv    | Entered an ice cave
 39725 | IceCv    | Identified the ring "Sair" {Ice Drain Str+3 Dex+2 Stlth+}
 39863 | IceCv    | HP: 9/212 [drowned by a quicksilver ooze (5)]
 40161 | IceCv    | Found a viscous altar of Jiyva.
 40299 | IceCv    | Identified the +7 ice dragon scales "Ilaereh" {rF- rC++
                  | Str-2 Dex+6}
 40610 | Elf:1    | Got the Compendium of the Cemetery
 41269 | Elf:2    | Paralysed by an air elemental for 1 turns
 41416 | Elf:2    | Paralysed by an air elemental for 1 turns
 41462 | Elf:2    | Found a runed translucent gate.
 41464 | Elf:2    | Found a runed translucent gate.
 41464 | Elf:2    | Found a runed translucent gate.
 41509 | Elf:2    | Paralysed by an air elemental for 1 turns
 42014 | Elf:2    | Noticed Nikola
 42020 | Elf:2    | Received a gift from Okawaru
 42296 | Elf:2    | Killed Nikola
 42617 | Elf:3    | Entered Level 3 of the Elven Halls
 42731 | Elf:2    | Reached XP level 22. HP: 112/220 MP: 15/29
 42898 | Elf:3    | Identified the +2 morningstar of Qumipnyda {venom, +Blink
                  | rPois Will+ SInv} (Okawaru gifted it to you on level 3 of
                  | the Elven Halls)
 42898 | Elf:3    | Received a gift from Okawaru
 42906 | Elf:3    | HP: 1/220 [ghostly deep elf master archer/arrow (26)]
 42906 | Elf:3    | Mangled by a deep elf blademaster

Illustrated notes

Levels and vault maps discovered:
D:1:      amcnicky_arrival_wind_blow, layout_basic
D:2:      layout_rooms, ebering_dispersal_statue_hall, serial_park_tiny_1
D:3:      layout_basic, mainiacjoe_overflow_alcove_4, uniq_jessica, uniq_robin
D:4:      layout_basic, ebering_ghost_sewer_d, nicolae_elemental_shop,
          minmay_misc_feat_diagonals, uniq_duvessa, uniq_sigmund
D:5:      layout_loops_cross, mainiacjoe_overflow_24_doors
D:6:      layout_basic, minmay_temple_entry_ruins, serial_bayou_lagoon_b
D:7:      layout_basic
D:8:      layout_rooms, minitemple
D:9:      layout_roguey, david_orc_4, nicolae_blasting_shop,
          hangedman_incinerator
D:10:     minmay_the_grid_4x2 [minmay_the_grid_x, minmay_the_grid_outer_diamond,
          minmay_the_grid_aliased_spiral, minmay_the_grid_embedded,
          minmay_the_grid_all_tris, minmay_the_grid_minigrid_large,
          minmay_the_grid_outer_circle, minmay_the_grid_prize_trominoes],
          layout_irregular_city, mainiacjoe_overflow_small_starburst,
          minmay_misc_feat_plants, uniq_sonja, uniq_maggie
D:11:     layout_long_grid, lair_entry_dummy, gammafunk_ghost_smash,
          uniq_gastronok
D:12:     layout_cave_pools, kennysheep_generic_room_3, uniq_erolcha
D:13:     layout_basic, serial_shops, shop
D:14:     layout_long_grid, erik_vaults_2, gauntlet_entry_generic,
          serial_bayou_shore_a, solitary_fountain
D:15:     gammafunk_enter_depths_forms, layout_cave_pools,
          kennysheep_pointless_box
Temple:   kb_temple_of_zot
Lair:1:   layout_roguey, dpeg_stationary_puzzle
Lair:2:   layout_misc_corridors, minmay_shoals_entry_beasts, spider_nest_entry_a
Lair:3:   layout_big_grid, roderic_batcave, minmay_shattered_shrine
Lair:4:   nzn_winding_woodlands_medium [nzn_winding_woodlands_hourglass,
          nzn_winding_woodlands_5x15_jagged, nzn_winding_woodlands_5x5_default,
          nzn_winding_woodlands_5x5_checkerboard,
          nzn_winding_woodlands_center_pierced_h,
          nzn_winding_woodlands_5x5_three, nzn_winding_woodlands_5x5_cross,
          nzn_winding_woodlands_5x15_zeroes, nzn_winding_woodlands_5x5_default],
          layout_cellular_growth, nicolae_slime_entry_field_trip
Lair:5:   hangedman_lair_caniforms_friends, layout_hall_layers,
          guppyfry_lair_end_dragon, infiniplex_staircase_pool_2,
          grunt_megastairs_2
Shoals:1: layout_shoals, serial_shops, bzr_entry_safe, shop, shop, shop,
          nicolae_take_the_stairs, uniq_donald
Shoals:2: layout_shoals
Shoals:3: layout_shoals, uniq_louise, uniq_polyphemus
Shoals:4: shoals_end_grunt_garden, layout_shoals, shoals_ilsuiw_ice
Spider:1: layout_chambers, guppyfry_hornet_nest
Spider:2: layout_spider_delve, special_room [special_room_bee]
Spider:3: layout_spider_delve
Spider:4: spider_rune_water, uniq_bai_suzhen, uniq_arachne
Orc:1:    layout_caves, enter_volcano_1
Orc:2:    st_orc_town, layout_caves, nicolae_shop_overcharged_wands
Elf:1:    eino_elf_arrival_the_gate, layout_rooms,
          portal_ice_cave_entry_pillars_2, minmay_elf_necromancy
Elf:2:    nicolae_elf_blades_crystal_corner, layout_gridlike,
          einodemon_armed_red_devil_minivault, uniq_nikola
Elf:3:    grunt_elf_hall_diamonds, layout_onion_city,
          nicolae_trove_entry_columns
Vaults:1: hangedman_vaults_slither, nicolae_vaults_specimen_jars,
          nicolae_vaults_network_square, v_misc_28,
          nicolae_vaults_offset_grid_hallway_4, vaults_standard_mumra_x,
          nicolae_vaults_trapezoid_3, vaults_mumra_hexcomb,
          hangedman_vaults_snaps, nicolae_vaults_layer_cake_slice,
          vaults_room_hallway, layout_vaults_omnicross, serial_shops,
          nicolae_shop_behind_doors
Vaults:2: nicolae_vaults_network_star, v_misc_27,
          nicolae_vaults_know_your_exits, nicolae_vaults_puzzle_piece,
          v_misc_26, nicolae_vaults_shrinking_rooms_1,
          nicolae_vaults_angled_halls, v_pattern_5, nicolae_vaults_tangram_2,
          layout_vaults_ring, uniq_margery, uniq_zenata
Vaults:3: blue_anna_dwarven_crypt, vaults_mumra_lcd,
          nicolae_vaults_heart-shaped_vault, nicolae_vaults_closet_pinwheel_4,
          nicolae_vaults_taking_the_gang_shopping, layout_vaults_omnigrid
Vaults:4: gammafunk_ghost_necromancy, vaults_standard_mumra_enter_the_diamond,
          grunt_vaults_trifunnel, ontoclasm_vaults_misaligned,
          hangedman_vaults_impose, vaults_room_fancy_cross,
          nicolae_vaults_cornered_office, grunt_vaults_hallway_short, v_misc_27,
          ontoclasm_vaults_idyll, ontoclasm_vaults_gateway,
          nicolae_vaults_house_1, v_rooms_1, layout_vaults_omnibox

Skill      XL: |  1  2  3  4  5  6  7  8  9 10 11 12 13 14 15 16 17 18 19 20 21 |
---------------+----------------------------------------------------------------+-----
Stealth        | 6 7 10 12 16 | 16.0
Fighting       | 3 4 5 8 9 10 13 14 16 18 | 18.0
Polearms       | 1 2 |  2.1
Long Blades    | 2 5 7 9 11 12 13 | 13.9
Invocations    | 3 5 8 10 | 10.0
Evocations     | 3 5 7 8 |  8.0
Dodging        | 2 3 5 7 10 12 | 12.0
Armour         | 1 2 6 10 12 | 12.0
Shields        | 8 10 12 15 16 | 16.2
Throwing       | 3 |  3.0
Maces & Flails | 4 13 14 | 14.0
Short Blades   | |  2.0

Action                     |  1- 3 |  4- 6 |  7- 9 | 10-12 | 13-15 | 16-18 | 19-21 | 22-24 || total
---------------------------+-------+-------+-------+-------+-------+-------+-------+-------++-------
  Melee: Dagger            |    79 |    49 |       |       |    29 |       |       |       ||   157
         Spear             |       |    38 |       |       |       |       |       |       ||    38
         Long sword        |       |   113 |   130 |       |       |       |       |       ||   243
         Punch             |       |     2 |     2 |     9 |       |       |       |       ||    13
         Scimitar          |       |       |   112 |   545 |  1343 |  1704 |  1902 |    30 ||  5636
         Constrict         |       |       |       |       |   250 |   381 |   345 |     8 ||   984
  Throw: Dart              |     4 |    12 |    12 |    26 |     9 |       |       |       ||    63
 Invoke: Heroism           |       |       |       |     3 |     5 |     4 |    10 |     1 ||    23
         Finesse           |       |       |       |       |       |       |     1 |       ||     1
Ability: Spit Poison       |    12 |    22 |    26 |    38 |    18 |     1 |     1 |       ||   118
  Evoke: Wand              |       |       |     4 |     3 |     5 |     7 |       |       ||    19
         Lightning rod     |       |       |       |       |       |     3 |       |       ||     3
    Use: Scroll            |       |     7 |     4 |     6 |     8 |    10 |    15 |     1 ||    51
         Potion            |       |       |     2 |     5 |       |     2 |    13 |       ||    22
   Stab: Sleeping          |     3 |    11 |    11 |    10 |    22 |    29 |    26 |       ||   112
         Distracted        |       |       |       |     1 |     5 |     1 |     8 |       ||    15
 Armour: Robe              |    30 |    40 |       |       |       |       |       |       ||    70
         Leather armour    |       |    63 |    78 |    69 |       |       |       |       ||   210
         Troll leather arm |       |       |       |    95 |   539 |   872 |   861 |    33 ||  2400
         Steam dragon scal |       |       |       |     3 |       |       |       |       ||     3
  Dodge: Dodged            |    44 |    90 |   108 |   458 |   734 |  1119 |   993 |    28 ||  3574
  Block: Kite shield       |       |       |       |    88 |   918 |  1431 |  1434 |    38 ||  3909

Table legend: (Time is in decaauts)
 A = Elapsed time spent in this place.
 B = Non-inter-level travel time spent in this place.
 C = Inter-level travel time spent in this place.
 D = Time resting spent in this place.
 E = Time spent auto-exploring this place.
 F = Levels seen in this place.
 G = Mean time per level.
                   A        B        C        D        E       F      G
               +--------+--------+--------+--------+--------+-----+--------+
         Total |  53980 |  49410 |   4570 |   6400 |  27375 |  42 | 1285.2 |
       Dungeon |  20402 |  18469 |   1933 |   3087 |  10634 |  15 | 1360.1 |
        Temple |     11 |      7 |      4 |      0 |      0 |   1 |   11.0 |
          Lair |   7358 |   6644 |    714 |    638 |   3817 |   5 | 1471.6 |
        Shoals |   4290 |   3911 |    379 |    226 |   1986 |   4 | 1072.5 |
   Spider Nest |   6895 |   6199 |    696 |    976 |   3210 |   4 | 1723.8 |
  Orcish Mines |   2035 |   1837 |    198 |     94 |   1086 |   2 | 1017.5 |
   Elven Halls |   3121 |   2899 |    222 |    286 |   1746 |   3 | 1040.3 |
        Vaults |   7991 |   7570 |    421 |    819 |   4585 |   4 | 1997.8 |
        Bazaar |    237 |    237 |      0 |      0 |    126 |   1 |  237.0 |
      Ice Cave |    917 |    917 |      0 |    262 |    142 |   1 |  917.0 |
       Volcano |    336 |    336 |      0 |      3 |     14 |   1 |  336.0 |
      Gauntlet |    381 |    381 |      0 |      7 |     26 |   1 |  381.0 |
               +--------+--------+--------+--------+--------+-----+--------+

Top non-repeatable levels by time:
     D:9: 2924 daAuts
Spider:1: 2211 daAuts
Spider:4: 2143 daAuts
Vaults:1: 2071 daAuts
   Elf:2: 2013 daAuts
Vaults:2: 2003 daAuts
Vaults:4: 1966 daAuts
Vaults:3: 1950 daAuts
     D:6: 1917 daAuts
  Lair:4: 1761 daAuts
  Lair:1: 1761 daAuts
  Lair:5: 1670 daAuts
     D:4: 1606 daAuts
    D:10: 1543 daAuts
    D:14: 1432 daAuts
